 Dungeon Crawl Stone Soup version 0.24.1-14-gf8d2b509d9 (console) character file.

Game seed: 10208910618284037678, levelgen mode: deterministic

37125 Kagalorn the Cleaver (level 14, 0/165 HPs)
             Began as a Human Berserker on July 25, 2020.
             Was a High Priest of Trog.
             Slain by Snorg (11 damage)
             ... on level 4 of the Lair of Beasts.
             The game lasted 00:42:29 (18929 turns).

Kagalorn the Cleaver (Human Berserker)             Turns: 18929, Time: 00:42:30

Health: 0/165      AC: 25    Str: 28    XL:     14   Next: 27%
Magic:  14/14      EV: 14    Int: 14    God:    Trog [*****.]
Gold:   956        SH:  0    Dex: 13    Spells: 13/13 levels left

rFire    + . .     SeeInvis .   a - +6 falchion {slice, rPois rN+ Int+2}
rCold    . . .     Gourm    .   (no shield)
rNeg     + . .     Faith    .   C - +1 chain mail {rF+}
rPois    +         Spirit   .   (no helmet)
rElec    .         Reflect  .   m - +2 cloak "Zotzei" {Stlth+}
rCorr    .         Harm     .   r - +0 pair of gloves
MR       +....                  K - +2 pair of boots
Stlth    ..........             (no amulet)
HPRegen  0.37/turn              J - +5 ring of protection
MPRegen  0.14/turn              d - +5 ring of intelligence

@: berserking, very quick
A: no striking features
a: Berserk, Trog's Hand, Brothers in Arms, Renounce Religion


You were on level 4 of the Lair of Beasts.
You worshipped Trog.
Trog was extremely pleased with you.
You were hungry.

You visited 2 branches of the dungeon, and saw 17 of its levels.
You also visited: Ossuary.

You collected 1022 gold pieces.
You spent 66 gold pieces at shops.

Inventory:

Hand Weapons
 a - the +6 falchion of Mudirady (weapon) {slice, rPois rN+ Int+2}
   (You found it on level 4 of the Lair of Beasts)

   It inflicts extra damage upon your enemies.
   It affects your intelligence (+2).
   It protects you from poison.
   It protects you from negative energy.
 b - a +0 battleaxe
 w - a +3 scimitar of flaming
 L - a +0 triple sword
Missiles
 f - 490 stones (quivered)
Armour
 m - the +2 cloak "Zotzei" (worn) {Stlth+}
   (You found it on level 11 of the Dungeon)

   It makes you more stealthy.
 r - a +0 pair of gloves (worn)
 C - a +1 chain mail of fire resistance (worn)
 K - a +2 pair of boots (worn)
Jewellery
 d - a +5 ring of intelligence (right hand)
 j - an uncursed ring of flight
 l - an uncursed ring of ice
 B - an uncursed ring of ice
 J - a +5 ring of protection (left hand)
Wands
 p - a wand of paralysis (6)
 s - a wand of random effects (24)
 y - a wand of flame (12)
 D - a wand of iceblast (16)
 F - a wand of acid (21)
 I - a wand of polymorph (8)
Scrolls
 k - 4 scrolls of enchant weapon
 o - 3 scrolls of teleportation
 q - a scroll of fear
 u - 3 scrolls of enchant armour
 A - 6 scrolls of remove curse
 E - 3 scrolls of blinking
 N - a scroll of fog
 Q - a scroll of magic mapping
Potions
 e - 9 potions of curing
 g - 7 potions of heal wounds
 h - 2 potions of lignification
 i - 4 potions of mutation
 n - 3 potions of haste
 t - 3 potions of cancellation
 v - a potion of berserk rage
 x - 4 potions of might
 z - 2 potions of brilliance
 G - 5 potions of ambrosia
 H - 3 potions of invisibility
 M - a potion of resistance
 O - a potion of magic
Comestibles
 c - 22 rations
 P - a chunk of flesh


   Skills:
 - Level 10.0 Fighting
 + Level 12.3 Long Blades
 + Level 12.3 Axes
 - Level 10.0 Armour
 - Level 10.0 Dodging


You had 13 spell levels left.
You didn't know any spells.
Your spell library was empty.

Dungeon Overview and Level Annotations

Branches:
Dungeon (12/15)            Temple (0/1) D:7            Lair (5/6) D:9
  Swamp (0/4) Lair:2        Snake (0/4) Lair:2          Orc (0/2) D:9
Ossuary (visited)
  Slime: Lair:5-6

Altars:
Ashenzari
Cheibriados
Dithmenos
Gozag
Nemelex Xobeh
Okawaru
Qazlal
Ru
Vehumet
Wu Jian
Zin
The Shining One

Shops:
D:4 }   D:10 !

Portals:
Trove: D:10 (give 5 potions of resistance)

Annotations:
Lair:3 exclusion: 2 oklob plants
Lair:4 Snorg


Message History

Snorg barely misses you. Snorg closely misses you. The wolf bites you!
* * * LOW HITPOINT WARNING * * *
The wolf bites you but does no damage. Snorg barely misses you.
Snorg claws you but does no damage. x2
You closely miss the wolf. The wolf bites you.
* * * LOW HITPOINT WARNING * * *
The wolf bites you but does no damage.
Unknown command.
You closely miss the wolf. Snorg bites you but does no damage.
Snorg claws you but does no damage. Snorg closely misses you.
The wolf barely misses you. The wolf closely misses you.
You riposte.
You barely miss the wolf.
The wolf is lightly wounded.
Unknown command.
You slash the wolf!
The wolf is severely wounded.
Snorg bites you!
* * * LOW HITPOINT WARNING * * *
Snorg claws you but does no damage. Snorg claws you!
You die...

#.##......P##..# #..#####.#####.P
...##......#...# #..# ##..##.#..
..###..........# #..# #...#....P
.#.##.....##...# #..## #.....P#..
..###.....#....###..P# #........#
..#.......##...##...## ####..#..#
..........####..#....# #####.#
..........#.##.###..### #####.#
................@T..#.#####.#.P.#
...............h.h..............#
................................#
........^...........##.P..P.#...#
.###............<...#####P###...#
.###.....^..........#######P##..#
###.......###..##...P#.....'....#
.#.......######.....###....###..#
..........#.##.#P....##....##....


You could see Snorg (berserk) and 2 wolves.

Vanquished Creatures
  2 hydras
  Erica (D:8)
  4 two-headed ogres
  3 death yaks (Lair:4)
  An unseen horror (D:11)
  A deep elf mage (D:12)
  3 black mambas
  6 spiny frogs
  A komodo dragon (Lair:4)
  A queen bee (D:12)
  2 trolls
  2 meliai (D:12)
  Prince Ribbit (D:8)
  14 blink frogs
  2 slime creatures
  A hornet (D:12)
  Grinder (D:4)
  3 bog bodies (Lair:2)
  6 hippogriffs
  A centaur simulacrum (D:11)
  2 wyverns
  26 yaks
  A basilisk (D:11)
  A hungry ghost (D:10)
  4 nagas (Lair:2)
  5 water moccasins
  9 porcupines
  Duvessa (D:5)
  8 ice beasts
  3 orc warriors
  4 sky beasts
  A black bear (D:9)
  A necrophage (D:11)
  9 wolves
  7 crocodiles
  5 ogres
  4 centaurs
  15 bullfrogs
  A wyvern zombie (D:12)
  A wyvern skeleton (D:6)
  6 scorpions
  Dowan (D:5)
  28 killer bees
  11 wights
  3 howler monkeys (D:8)
  4 electric eels
  3 crimson imps
  3 bullfrog zombies
  2 human zombies (Ossuary)
  4 jellies
  A quasit (D:11)
  2 centaur zombies (Ossuary)
  3 hounds
  3 orc priests
  2 bullfrog skeletons
  13 orc wizards
  An iguana (D:7)
  3 worker ants
  2 hound skeletons
  3 mummies
  A howler monkey zombie (D:5)
  8 gnolls
  A howler monkey skeleton (D:4)
  13 adders
  A shadow imp (D:7)
  A white imp (D:11)
  An ufetubus (D:11)
  13 oozes
  2 adder zombies
  3 worms
  A dart slug (D:1)
  41 orcs
  A ball python (D:6)
  6 giant cockroaches
  10 goblins
  13 hobgoblins
  3 jackals (D:5)
  12 kobolds
  4 quokkas
  5 bats
  8 frilled lizards
  2 goblin zombies
  7 hobgoblin zombies (Ossuary)
  3 jackal zombies (Ossuary)
  9 kobold zombies (Ossuary)
  A leopard gecko zombie (D:6)
  11 orc zombies
  8 rats
  A rat zombie (Ossuary)
452 creatures vanquished.

Vanquished Creatures (collateral kills)
  Gastronok (Lair:1)
  A death knight (D:10)
  A hydra (D:12)
  An ugly thing (D:9)
  A meliai (D:12)
  A queen bee (D:9)
  An orc warrior (D:12)
  13 killer bees
  2 orc priests (D:12)
  4 orcs (D:12)
26 creatures vanquished.

Vanquished Creatures (others)
  4 fungi
  7 toadstools (D:2)
11 creatures vanquished.

Grand Total: 489 creatures vanquished

Notes
Turn   | Place    | Note
-------+----------+-------------------------------------------
     0 | D:1      | Kagalorn the Human Berserker began the quest for the Orb.
     0 | D:1      | Reached XP level 1. HP: 18/18 MP: 1/1
    39 | D:1      | Reached XP level 2. HP: 7/24 MP: 2/2
   590 | D:1      | Reached XP level 3. HP: 25/29 MP: 3/3
   644 | D:1      | Reached ** piety under Trog
  1152 | D:2      | Found a glowing silver altar of Zin.
  1163 | D:2      | Found a faded altar of an unknown god.
  1171 | D:2      | Reached XP level 4. HP: 29/35 MP: 4/4
  2407 | D:2      | Reached XP level 5. HP: 42/42 MP: 5/5
  2748 | D:3      | Found a transporter.
  2752 | D:3      | Found a transporter.
  2752 | D:3      | Found a sacrificial altar of Ru.
  2803 | D:3      | Reached XP level 6. HP: 48/48 MP: 6/6
  2854 | D:3      | Reached *** piety under Trog
  2922 | D:3      | Found a stormy altar of Qazlal.
  2923 | D:3      | Found a shadowy altar of Dithmenos.
  2923 | D:3      | Found a radiant altar of Vehumet.
  2924 | D:3      | Found a snail-covered altar of Cheibriados.
  3744 | D:4      | Found Acudeqe's Gadget Shoppe.
  3803 | D:4      | Reached XP level 7. HP: 50/55 MP: 7/7
  3841 | D:4      | Noticed Grinder
  3843 | D:4      | Paralysed by Grinder for 4 turns
  3861 | D:4      | Killed Grinder
  4653 | D:5      | Entered Level 5 of the Dungeon
  4678 | D:5      | Found a sand-covered staircase.
  4685 | Ossuary  | Entered an ossuary
  4708 | Ossuary  | Reached **** piety under Trog
  4819 | Ossuary  | Reached skill level 5 in Fighting
  4819 | Ossuary  | Reached skill level 5 in Axes
  4824 | Ossuary  | Reached XP level 8. HP: 62/62 MP: 8/8
  5116 | D:5      | Found an iron altar of Okawaru.
  5118 | D:5      | Reached ***** piety under Trog
  5391 | D:5      | Noticed Duvessa
  5391 | D:5      | Noticed Dowan
  5403 | D:5      | Killed Dowan
  5403 | D:5      | Reached skill level 5 in Armour
  5405 | D:5      | Killed Duvessa
  5405 | D:5      | Reached skill level 5 in Dodging
  5453 | D:5      | Found an ornate altar of the Wu Jian Council.
  5478 | D:5      | Found an opulent altar of Gozag.
  6028 | D:6      | Found a shattered altar of Ashenzari.
  6813 | D:6      | Reached XP level 9. HP: 48/69 MP: 9/9
  7072 | D:7      | Found a staircase to the Ecumenical Temple.
  7147 | D:7      | Found a sparkling altar of Nemelex Xobeh.
  7359 | D:7      | Found a sparkling altar of Nemelex Xobeh.
  7515 | D:8      | Noticed Erica
  7527 | D:8      | Killed Erica
  7820 | D:8      | Found a sacrificial altar of Ru.
  7845 | D:8      | Reached skill level 1 in Long Blades
  7899 | D:8      | Reached XP level 10. HP: 79/79 MP: 10/10
  8053 | D:8      | Noticed Prince Ribbit
  8066 | D:8      | Killed Prince Ribbit
  8205 | D:8      | Reached XP level 11. HP: 84/84 MP: 11/11
  8587 | D:9      | Found a staircase to the Lair.
  8696 | D:9      | Found a staircase to the Orcish Mines.
  8781 | D:9      | Found a glowing golden altar of the Shining One.
  9054 | D:9      | Noticed a red ugly thing
  9084 | D:9      | Killed a red ugly thing
  9298 | D:9      | Reached skill level 10 in Axes
  9497 | D:10     | Entered Level 10 of the Dungeon
  9567 | D:10     | Reached skill level 10 in Long Blades
  9668 | D:10     | Noticed a two-headed ogre
  9687 | D:10     | Killed a two-headed ogre
  9772 | D:10     | Found Damuer's Distillery.
  9781 | D:10     | Bought a potion of berserk rage for 55 gold pieces
  9781 | D:10     | Bought a potion of degeneration for 11 gold pieces
  9798 | D:10     | Noticed a death knight
  9811 | D:10     | Killed a death knight
 10192 | D:10     | Found a portal to a secret trove of treasure.
 10354 | D:11     | Got a scorched cloak
 10355 | D:11     | Noticed a two-headed ogre
 10368 | D:11     | Killed a two-headed ogre
 10368 | D:11     | Reached XP level 12. HP: 91/91 MP: 12/12
 10577 | D:11     | Identified the +2 cloak "Zotzei" {Stlth+} (You found it on
                  | level 11 of the Dungeon)
 11200 | D:11     | You fall into a shaft and drop 1 floor!
 11221 | D:12     | Received a gift from Trog
 12391 | D:12     | Received a gift from Trog
 12855 | D:11     | Noticed a two-headed ogre
 12868 | D:11     | Killed a two-headed ogre
 13001 | D:11     | Noticed a two-headed ogre
 13004 | D:11     | Killed a two-headed ogre
 13057 | D:11     | Killed an unseen horror
 13493 | D:12     | Reached XP level 13. HP: 88/100 MP: 13/13
 13529 | D:12     | Noticed a six-headed hydra
 13538 | D:12     | Killed a five-headed hydra
 13653 | Lair:1   | Entered Level 1 of the Lair of Beasts
 13749 | Lair:1   | Identified the cursed +1 robe "Zuyrphon" {Dex+3 Stlth-}
                  | (You found it on level 1 of the Lair of Beasts)
 13900 | Lair:1   | Noticed Gastronok
 13946 | Lair:1   | Killed Gastronok
 14635 | Lair:1   | Noticed a six-headed hydra
 14649 | Lair:1   | Killed a three-headed hydra
 15468 | Lair:2   | Found a staircase to the Snake Pit.
 15985 | Lair:2   | Found a staircase to the Swamp.
 17348 | Lair:3   | Noticed a six-headed hydra
 17363 | Lair:3   | Killed a one-headed hydra
 17732 | Lair:3   | Reached XP level 14. HP: 109/109 MP: 14/14
 17847 | Lair:4   | Reached skill level 10 in Armour
 18011 | Lair:4   | Reached skill level 10 in Dodging
 18035 | Lair:4   | Reached skill level 10 in Fighting
 18570 | Lair:4   | Identified the +6 falchion of Mudirady {slice, rPois rN+
                  | Int+2} (You found it on level 4 of the Lair of Beasts)
 18845 | Lair:5   | Noticed Snorg
 18929 | Lair:4   | Slain by Snorg

Levels and vault maps discovered:
D:1:      lightli_arrival_maybe_door_vault, layout_rooms, st_stairs_12
D:2:      cheibrodos_fertilizer, layout_basic, lemuel_doored_altar,
          chequers_ecumenical_altar_simple, first_ration
D:3:      layout_basic, gammafunk_temple_overflow_arena,
          chequers_temple_overflow_statue_of_worship
D:4:      layout_loops_ring, serial_shops, nicolae_shop_trees, hex_tiny,
          uniq_grinder
D:5:      lemuel_ice_spiral_2, layout_basic, old_standard_altar,
          overflow_temple_1_default, nicolae_ossuary_entry_giza,
          corexii_corridor_pit, okawaru_altar_gauntlet_db, uniq_duvessa
D:6:      layout_gridville, ashenzari_altar_1
D:7:      layout_rooms, nemelex_xobeh_ov_fountains_minmay,
          minmay_temple_entry_mini_moons, basic_altar, minmay_misc_feat_hallway
D:8:      layout_basic, nicolae_ru_awakened_eye, uniq_erica, uniq_prince_ribbit1
D:9:      layout_loops_cross, lair_entry_dummy, orc_0_dummy, david_nohive_1,
          nicolae_tso_swordbearing_angel
D:10:     layout_cave_pools, nicolae_trove_entry_columns, serial_shops,
          nicolae_shop_stone
D:11:     layout_long_grid, serial_ice, serial_ice_m, serial_ice_l,
          serial_ice_f, serial_ice_c, serial_ice_e, serial_ice_n
D:12:     layout_irregular_city, grunt_decor_one_mirror, minivault_7
Lair:1:   cheibrodos_lair_river_kwai, layout_long_grid, fungi_pond_lemuel,
          serial_bayou_crossing, uniq_gastronok
Lair:2:   layout_chaotic_city, nicolae_swamp_entry_splash_gauntlet,
          minmay_snake_entry_guardpost_small, grunt_megastairs_2
Lair:3:   layout_gridlike, special_room, minmay_lair_oklob_chamber
Lair:4:   layout_regular_city, serial_bayou_pond_e, grunt_megastairs_5
Lair:5:   layout_regular_city, serial_bayou_shore_a, uniq_snorg

Skill      XL: |  1  2  3  4  5  6  7  8  9 10 11 12 13 14 |
---------------+-------------------------------------------+-----
Armour         | 3 4 5 6 7 8 9 10 | 10.0
Dodging        | 3 4 5 6 7 8 9 10 | 10.0
Fighting       | 4 5 7 8 9 10 | 10.0
Axes           | 4 5 7 9 10 11 12 | 12.3
Long Blades    | 1 9 10 11 12 | 12.3

Action                   |  1- 3 |  4- 6 |  7- 9 | 10-12 | 13-15 || total
-------------------------+-------+-------+-------+-------+-------++-------
Melee: Hand axe          |    97 |    84 |       |       |       ||   181
       War axe           |       |    58 |   352 |       |       ||   410
       Scimitar          |       |       |     4 |   528 |   466 ||   998
       Battleaxe         |       |       |       |    16 |       ||    16
       Falchion          |       |       |       |       |    26 ||    26
Invok: Berserk           |     2 |     6 |     7 |    11 |     9 ||    35
       Trog's Hand       |       |       |     2 |       |     1 ||     3
       Brothers in Arms  |       |       |       |     8 |     3 ||    11
 Abil: Evoke Flight      |       |       |     1 |       |       ||     1
Evoke: Wand              |       |       |       |     2 |     5 ||     7
  Use: Scroll            |       |       |    17 |     6 |    10 ||    33
       Potion            |       |       |       |     1 |       ||     1
 Stab: Sleeping          |       |     1 |       |       |       ||     1
  Eat: Chunk             |     1 |     9 |    10 |    23 |    18 ||    61
       Ration            |       |     2 |     3 |     3 |     3 ||    11
Armor: Animal skin       |    11 |    19 |       |       |       ||    30
       Chain mail        |       |       |   199 |   335 |   237 ||   771
Dodge: Dodged            |    69 |   100 |   193 |   393 |   280 ||  1035
       Rpst.: Scimitar   |       |       |     2 |   120 |    74 ||   196
       Falchion          |       |       |       |       |     6 ||     6
